 Dungeon Crawl Stone Soup version 0.29-a0-1042-g87b1fcd763 (webtiles) character file.

Game seed: 8189037837266780953

14 polve the Trooper (level 2, 0/24 HPs)
             Began as a Demonspawn Abyssal Knight on Aug 15, 2022.
             Was a Believer of Lugonu.
             Slain by a kobold
             ... wielding a +0 short sword
              (2 damage)
             ... on level 1 of the Dungeon.
             The game lasted 00:00:36 (1440 turns).

polve the Trooper (Demonspawn Abyssal Knight)       Turns: 1440, Time: 00:00:36

Health: 0/24       AC:  4    Str: 13    XL:     2   Next: 31%
Magic:  3/3        EV: 11    Int: 11    God:    Lugonu [**....]
Gold:   32         SH:  0    Dex: 13    Spells: 1/1 levels left

rFire   . . .      SeeInvis .   a - +1 hand axe
rCold   . . .      Faith    .   (no shield)
rNeg    . . .      Spirit   .   b - +0 leather armour
rPois   .          Reflect  .   (no helmet)
rElec   .          Harm     .   (no cloak)
rCorr   .          Rampage  .   (no gloves)
Will    .....                   (no boots)
Stlth   +.........              (no amulet)
HPRegen 0.08/turn               (no ring)
MPRegen 0.08/turn               (no ring)

@: no status effects
A: rugged brown scales 1
a: Renounce Religion, Depart the Abyss, Bend Space


You were on level 1 of the Dungeon.
You worshipped Lugonu.
Lugonu was pleased with you.
You visited 1 branch of the dungeon, and saw 1 of its levels.
You visited the Abyss 1 time.

You collected 32 gold pieces.

Inventory:

Hand Weapons
 a - a +1 hand axe (weapon)
Armour
 b - a +0 leather armour (worn)
Scrolls
 d - 2 scrolls of identify {unknown}
 f - a scroll of silence {unknown}
 g - a scroll of fog {unknown}
 h - a scroll of summoning {unknown}
Potions
 c - 2 potions of curing {unknown}
 e - a potion of heal wounds {unknown}


   Skills:
 - Level 3.0 Fighting
 + Level 2.7 Axes
 - Level 1.7 Armour
 - Level 0.8 Dodging
 - Level 2.4 Invocations


You had one spell level left.
You didn't know any spells.
Your spell library was empty.

Dungeon Overview and Level Annotations

Branches:
Dungeon (1/15)

Altars:


Innate Abilities, Weirdness & Mutations

You are partially covered in rugged brown scales. (AC +1, +3% HP)


Message History

The kobold hits you with a +0 short sword.
The kobold hits you but does no damage. The kobold misses you.
The kobold barely misses you. The kobold hits you but does no damage.
The kobold barely misses you. The kobold hits you but does no damage.
The kobold hits you but does no damage. The kobold barely misses you.
The kobold completely misses you. The kobold barely misses you.
The kobold barely misses you. The kobold hits you but does no damage.
The kobold barely misses you. The kobold closely misses you.
The kobold hits you with a +0 short sword.
* * * LOW HITPOINT WARNING * * *
The kobold barely misses you. The kobold hits you but does no damage.
The kobold hits you with a +0 short sword.
* * * LOW HITPOINT WARNING * * *
The kobold misses you. The kobold hits you but does no damage.
The kobold hits you but does no damage. The kobold completely misses you.
The kobold closely misses you.
The kobold hits you with a +0 short sword.
* * * LOW HITPOINT WARNING * * *
The kobold hits you with a +0 short sword.
* * * LOW HITPOINT WARNING * * *
The kobold hits you but does no damage. The kobold hits you but does no damage.
The kobold hits you with a +0 short sword.
* * * LOW HITPOINT WARNING * * *
The kobold hits you but does no damage. The kobold closely misses you.
The kobold misses you. The kobold hits you but does no damage.
The kobold hits you with a +0 short sword.
You die...

## . #####. ############..
###..... #.............
+[...... #.............
###.###' #.............
#.#... #............. #.#...
####.....@K...... #.#...
.........############.#...
#..).......>.............'...
#..#.......#############.#...
#..#.......# ### #.#...
#..#.......# ♣♣♣.###.#...
#..+.......##### ♣⌠..#.......
#.##.......##..# ♣♣♣.#####.÷.
#.##........+.<#####.####....


You could see a kobold.

Vanquished Creatures
  4 bats (D:1)
  An endoplasm (D:1)
  2 goblins (D:1)
  A hobgoblin (D:1)
  A kobold (D:1)
  4 ball pythons (D:1)
13 creatures vanquished.

Notes
Turn   | Place    | Note
-------+----------+-------------------------------------------
     0 | Abyss:1  | polve the Demonspawn Abyssal Knight began the quest for the
                  | Orb.
     0 | Abyss:1  | Reached XP level 1. HP: 18/18 MP: 2/2
    34 | Abyss:1  | Found a corrupted altar of Lugonu.
    98 | Abyss:1  | Noticed a tentacled starspawn
    99 | D:1      | Escaped the Abyss
   504 | D:1      | Gained mutation: You are partially covered in rugged brown
                  | scales. (AC +1, +3% HP) [demonic ancestry]
   504 | D:1      | Reached XP level 2. HP: 18/24 MP: 3/3
   884 | D:1      | Found a faded altar of an unknown god.
  1440 | D:1      | Slain by a kobold

Illustrated notes

Levels and vault maps discovered:
D:1:      sevenhm_arrival_forest_fort_small_3, layout_basic,
          basic_ecumenical_altar

Skill      XL: |  1 |
---------------+----+-----
Axes           | 2 |  2.7
Fighting       | |  3.0
Armour         | |  1.7
Dodging        | |  0.8
Invocations    | |  2.4

Action                   || total
-------------------------++-------
Melee: Hand axe          ||    34
Invok: Depart the Abyss  ||     1
Armor: Leather armour    ||    72
Dodge: Dodged            ||    99

Table legend: (Time is in decaauts)
 A = Elapsed time spent in this place.
 B = Non-inter-level travel time spent in this place.
 C = Inter-level travel time spent in this place.
 D = Time resting spent in this place.
 E = Time spent auto-exploring this place.
 F = Levels seen in this place.
 G = Mean time per level.
                   A        B        C        D        E       F      G
               +--------+--------+--------+--------+--------+-----+--------+
         Total |   1446 |   1446 |      0 |      0 |   1207 |   2 |  723.0 |
       Dungeon |   1347 |   1347 |      0 |      0 |   1110 |   1 | 1347.0 |
         Abyss |     99 |     99 |      0 |      0 |     97 |   1 |   99.0 |
               +--------+--------+--------+--------+--------+-----+--------+

Top non-repeatable levels by time:
     D:1: 1347 daAuts
 Abyss:1: 99 daAuts
